Map: Dreamcatcher LE

Players

eonblu

  • Race: Zerg Zerg
  • League: Grandmaster
  • Spawn Location: 5:00

Clem - Winner!

  • Race: Terran Terran
  • League: Grandmaster
  • Spawn Location: 11:00

Event: HomeStory Cup XVII

VOD

Have the link to the VOD?

Description

Time

  • Played on: June 28, 2018, 10 a.m.
  • Length: 6:00

All games in this series

Show
View Real Time Build Order
Export as new Build Order

eonblu Zerg 

Build Orders: Pool First 

Get SALT Encoding   

  12  0:00  Drone  
  13  0:12  Overlord  
  13  0:18  Drone  
  14  0:30  Drone x2  
  16  0:39  Drone  
  17  0:45  Spawning Pool  
  17  0:48  Drone  
  17  0:56  Drone, Extractor  
  17  1:14  Hatchery  
  16  1:18  Drone  
  17  1:31  Zergling x4  
  19  1:35  Queen  
  21  1:43  Overlord  
  21  1:49  Drone  
  22  2:01  Metabolic Boost  
  22  2:03  Drone  
  23  2:13  Queen  
  25  2:16  Drone  
  26  2:24  Drone  
  27  2:36  Hatchery  
  26  2:40  Drone  
  27  2:48  Drone x3  
  30  2:56  Queen  
  32  3:01  Overlord  
  32  3:05  Drone  
  33  3:07  Drone  
  33  3:09  Drone  
  33  3:12  Drone  
  35  3:18  Overlord  
  35  3:19  Drone  
  36  3:23  Zergling x4  
  38  3:29  Zergling x2  
  38  3:30  Zergling x4  
  41  3:42  Drone x3  
  43  3:57  Drone x3, Extractor  
  43  3:58  Roach Warren, Extractor  
  43  4:00  Drone  
  44  4:07  Zergling x10  
  49  4:10  Drone x2  
  50  4:18  Drone x2  
  52  4:25  Drone  
  52  4:28  Overlord x2  
  52  4:41  Overlord x2  
  52  4:49  Roach x7  
  52  4:50  Roach  
  68  4:55  Roach  
  68  4:57  Spore Crawler  
  68  4:58  Spore Crawler  
  66  5:06  Drone  
  66  5:07  Drone x3  
  59  5:18  Queen  
  59  5:20  Zergling x2  
  56  5:31  Roach  
Show
View Real Time Build Order
Export as new Build Order

Clem Terran - Winner!

Build Orders: Gas First Reaper Expand, Reaper Expand, Hellion Banshee 

Get SALT Encoding   

  12  0:00  SCV  
  13  0:13  SCV  
  14  0:18  Supply Depot  
  14  0:25  SCV  
  15  0:35  Refinery  
  15  0:40  SCV  
  16  0:45  Barracks  
  16  0:52  SCV  
  17  1:04  SCV  
  18  1:16  SCV  
  19  1:31  Orbital Command  
  19  1:32  Reaper  
  20  1:43  Command Center  
  20  1:54  Factory  
  20  1:59  SCV  
  21  2:09  Supply Depot  
  21  2:14  Barracks Reactor, SCV  
  22  2:18  Refinery  
  21  2:25  Bunker  
  21  2:27  SCV  
  22  2:39  SCV  
  23  2:46  Starport  
  23  2:54  Hellion x2  
  23  2:57  Barracks Tech Lab  
  23  2:58  SCV  
  28  3:07  Orbital Command  
  28  3:12  SCV  
  29  3:21  Hellion  
  29  3:22  Hellion  
  29  3:25  SCV  
  34  3:33  Cloaking Field, Banshee  
  37  3:39  SCV x2  
  39  3:44  Supply Depot  
  39  3:50  Hellion  
  39  3:55  SCV  
  42  3:57  Hellion  
  42  3:58  Barracks Tech Lab  
  42  4:02  SCV  
  45  4:07  SCV  
  45  4:08  Supply Depot  
  46  4:14  SCV  
  46  4:16  Banshee  
  50  4:19  SCV  
  51  4:26  Marine, SCV  
  51  4:31  SCV  
  54  4:32  Supply Depot  
  54  4:33  Factory Reactor  
  54  4:38  SCV  
  54  4:40  Barracks  
  54  4:41  Barracks  
  54  4:44  Engineering Bay  
  55  4:48  SCV  
  55  4:49  Engineering Bay  
  55  4:51  Marine  
  57  4:53  SCV  
  58  5:03  SCV  
  58  5:04  Supply Depot  
  58  5:05  SCV  
  60  5:09  Marine  
  58  5:15  SCV  
  58  5:17  SCV  
  60  5:23  Starport Reactor  
  60  5:25  Siege Tank  
  60  5:27  Marine  
  64  5:31  SCV x2  
  64  5:32  Refinery, Supply Depot, Marine  
  64  5:33  Refinery  
  65  5:47  SCV  
Tags
 
Add a new tag
Caveats
  • Supply blocks, unpowered buildings, or Contaminate may cause inaccurate times.
  • Supply counts are checked every 10 seconds.